 Dungeon Sprint DCSS version 0.18-a0-1784-ga939a68 (webtiles) character file.

256 Kidiri the Covert (level 5, 0/28 HPs)
             Began as a Spriggan Enchanter on Apr 18, 2016.
             Slain by a neqoxec (15 damage)
             ... in the Dungeon (Sprint II: "The Violet Keep of Menkaure").
             The game lasted 00:00:46 (140 turns).

Kidiri the Covert (Spriggan Enchanter)               Turns: 140, Time: 00:00:46

Health: 0/28       AC:  3    Str:  4      XL:     5   Next: 92%
Magic:  5/13       EV: 23    Int: 14 (17) God:
Gold:   0          SH:  0    Dex: 17      Spells: 1 memorised, 16 levels left

rFire  . . .     SeeInvis +     a - +1 dagger
rCold  . . .     Gourm    .     b - +1 robe
rNeg   . . .     Faith    .     (shield restricted)
rPois  .         Spirit   .     (helmet restricted)
rElec  .         Dismiss  .     (no cloak)
rCorr  .         Reflect  .     (gloves unavailable)
SustAt .         Harm     .     (boots unavailable)
MR     .....     Clarity  +     (no amulet)
Stlth  +++++..... NoTele   +    (no ring)
                                (no ring)

@: exhausted, slowed, quick, not resistant to hostile enchantments, quite
stealthy
A: unfitting armour, see invisible, clarity, herbivore 3, speed 3, low mp 1,
slow metabolism 2
a: no special abilities


You were in the Dungeon.
You were not hungry.

You visited 1 branch

Inventory:

Hand Weapons
 a - a +1 dagger (weapon)
Armour
 b - a +1 robe (worn)
Scrolls
 j - a scroll of blinking
Potions
 e - a potion of curing
 g - a potion of haste
 h - 2 potions of magic
Books
 c - a book of Maledictions

   Spells                             Type                      Level
   a - Corona                         Hexes                        1
   b - Ensorcelled Hibernation        Hexes/Ice                    2
   c - Confuse                        Hexes                        3
   d - Tukima's Dance                 Hexes                        3
   e - Dazzling Spray                 Conjuration/Hexes            3
Comestibles
 d - a bread ration


   Skills:
 + Level 2.8 Fighting
 * Level 5.5 Short Blades
 + Level 2.5 Armour
 * Level 8.0 Dodging
 * Level 9.3 Stealth
 * Level 6.7 Spellcasting
 + Level 5.7 Hexes


You had 16 spell levels left.
You knew the following spells:

 Your Spells              Type           Power        Failure   Level  Hunger
a - Corona                Hex            ###....      1%          1    None


Dungeon Overview and Level Annotations

Branches:
Dungeon (1/1)

Altars:


Innate Abilities, Weirdness & Mutations

You are tiny and cannot use many weapons and most armour.
You have supernaturally acute eyesight.
You are a herbivore.
You cover ground extremely quickly.
You need consume almost no food.
You possess an exceptional clarity of mind.
Your magical capacity is low (-10% MP).


Message History

Casting: Corona
Confirm with . or Enter, or press ? or * to list all spells.
Aiming: Corona
Press: ? - help, Shift-Dir - straight line, f/p - neqoxec
Aim: a neqoxec (severely wounded, chance to defeat MR: 41%)
The neqoxec is outlined in light.
The neqoxec hits you! The neqoxec completely misses you.
You hit the neqoxec.
The neqoxec is almost dead.
The crimson imp blinks!
The neqoxec hits you! The neqoxec gestures at you.
Strange energies course through your body.
Your thoughts seem clearer.
Unknown command.
You closely miss the neqoxec.
The neqoxec is almost dead.
The crimson imp barely misses you. The neqoxec completely misses you.
The neqoxec hits you!
Ouch! That really hurt!
You die...

### ###
aa .a #
.#a #.
#+#
#..##5##
#5553@+
#.##3##
#. #+# #


You could see 2 neqoxecs, a quasit, a crimson imp and 2 white imps.

Vanquished Creatures
  2 neqoxecs (D)
2 creatures vanquished.

Vanquished Creatures (others)
  A crocodile (D)
1 creature vanquished.

Grand Total: 3 creatures vanquished

Notes
Turn   | Place    | Note
--------------------------------------------------------------
     0 | D        | Kidiri the Spriggan Enchanter began the quest for the Orb.
     0 | D        | Reached XP level 1. HP: 9/9 MP: 5/5
     1 | D        | Noticed a worker ant
     1 | D        | Noticed a worker ant
     1 | D        | Noticed a worker ant
     1 | D        | Noticed a worker ant
    44 | D        | Killed a crocodile
   104 | D        | Noticed a neqoxec
   104 | D        | Noticed a neqoxec
   104 | D        | Noticed a neqoxec
   104 | D        | Noticed a neqoxec
   105 | D        | Noticed a quasit
   106 | D        | Noticed a crimson imp
   114 | D        | Killed a neqoxec
   114 | D        | Reached skill level 1 in Armour
   114 | D        | Reached skill level 7 in Stealth
   114 | D        | Reached skill level 5 in Spellcasting
   114 | D        | Reached skill level 5 in Hexes
   114 | D        | Reached XP level 2. HP: 15/15 MP: 5/9
   114 | D        | Reached XP level 3. HP: 18/18 MP: 6/11
   114 | D        | Reached XP level 4. HP: 23/23 MP: 6/12
   122 | D        | Killed a neqoxec
   122 | D        | Reached skill level 5 in Short Blades
   122 | D        | Reached skill level 9 in Stealth
   122 | D        | Reached XP level 5. HP: 28/28 MP: 6/15
   137 | D        | Gained mutation: Your magical capacity is low (-10% MP). [a neqoxec]
   139 | D        | Gained mutation: You possess an exceptional clarity of mind. [a neqoxec]
   140 | D        | Slain by a neqoxec

Vault maps used:
D:        the_violet_keep_of_menkaure

Skill      XL: |  1  2  3  4 |
---------------+-------------+-----
Fighting       | 2 |  2.8
Short Blades   | 4 5 |  5.5
Armour         | 1 2 |  2.5
Dodging        | 6 8 |  8.0
Stealth        | 7 9 |  9.3
Spellcasting   | 5 6 |  6.7
Hexes          | 5 |  5.7

Action                   |  1- 3 |  4- 6 || total
-------------------------+-------+-------++-------
Melee: Dagger            |     9 |    18 ||    27
 Cast: Corona            |       |     3 ||     3
  Use: Potion            |     1 |     1 ||     2
Armor: Robe              |       |     1 ||     1
Dodge: Dodged            |     4 |    24 ||    28
